[ AOE2 MATCH · #458836115 ]
1v1 EWMagyars vs Byzantines
Player's team · LOSS
[ REPLAY ANALYSIS · EXTRACTED FROM THE RECORDED GAME ]
Feudal
—
Castle
8:44
Imperial
38:01
| APM avg | 25.6 |
| APM peak | 42 |
| eAPM avg | 16.1 |
| Villagers / military | 92 / 110 |
Focus
⚔️ 24.8% · 🌾 75.2%
Magyar Huszar ×56 · Knight ×17 · Fishing Ship ×15 · Scout Cavalry ×10 · Skirmisher ×10 · Archer ×6
Feudal
—
Castle
13:07
Imperial
29:30
| APM avg | 17.6 |
| APM peak | 32 |
| eAPM avg | 14.2 |
| Villagers / military | 109 / 129 |
Focus
⚔️ 44.4% · 🌾 55.6%
Spearman ×98 · Skirmisher ×13 · Archer ×12 · Mangonel ×3 · Trebuchet (Packed) ×3
Match map
Initial resources + every placement click. Lines = walls · curves = elevation contours. ◆ gold · ⬟ stone · ● berries · ✦ relic · ◌ wall gap
Your base· Open — 3t gap
Urban's base· Open — unwalled flank
Smoothed initial terrain · ◌ = detected wall gap · hover for details
Inputs per minute
— BOT - - Urban
Build order — BOT
First 150 of 317 actions detected
| 0:00 | Create | Villager (Male) |
| 0:01 | Create | Villager (Male) |
| 0:07 | Create | Villager (Male) |
| 0:07 | Create | Villager (Male) |
| 0:29 | Build | Stable |
| 0:43 | Create | Villager (Male) |
| 0:44 | Create | Villager (Male) |
| 0:44 | Create | Villager (Male) |
| 1:01 | Build | Blacksmith |
| 1:23 | Research | Bloodlines |
| 1:33 | Build | Palisade Wall |
| 1:51 | Build | Dock |
| 2:00 | Create | Villager (Male) |
| 2:01 | Create | Villager (Male) |
| 2:40 | Build | House |
| 2:44 | Research | Town Watch |
| 2:50 | Create | Fishing Ship |
| 2:51 | Create | Fishing Ship |
| 2:51 | Create | Fishing Ship |
| 3:01 | Build | Market |
| 3:16 | Build | House |
| 3:25 | Build | Palisade Wall |
| 3:44 | Build | Palisade Gate |
| 3:51 | Build | Farm |
| 3:53 | Build | Farm |
| 3:53 | Build | Farm |
| 3:54 | Build | Farm |
| 3:55 | Build | Farm |
| 3:57 | Build | Farm |
| 3:57 | Build | Farm |
| 3:58 | Build | Farm |
| 4:06 | Create | Fishing Ship |
| 4:23 | Build | Mining Camp |
| 4:27 | Create | Spearman |
| 4:27 | Create | Spearman |
| 4:33 | Build | Palisade Wall |
| 4:51 | Build | Farm |
| 4:52 | Build | Farm |
| 4:53 | Build | Farm |
| 4:56 | Create | Villager (Male) |
| 4:56 | Create | Villager (Male) |
| 5:25 | Build | Watch Tower |
| 5:33 | Build | Archery Range |
| 6:04 | Research | Castle Age |
| 6:31 | Build | Barracks |
| 6:41 | Create | Archer |
| 6:47 | Build | House |
| 7:07 | Create | Scout Cavalry ×4 |
| 7:15 | Build | Archery Range |
| 7:22 | Build | House |
| 7:25 | Build | House |
| 7:37 | Create | Archer ×3 |
| 8:15 | Build | Palisade Wall |
| 8:24 | Build | Farm |
| 8:33 | Create | Archer |
| 8:33 | Create | Archer |
| 8:44 | Age | Castle Age |
| 8:47 | Create | Villager (Male) |
| 8:48 | Create | Villager (Male) |
| 8:48 | Create | Villager (Male) |
| 8:48 | Create | Villager (Male) |
| 8:49 | Create | Villager (Male) |
| 8:49 | Create | Villager (Male) |
| 8:50 | Create | Villager (Male) |
| 9:00 | Build | Siege Workshop |
| 9:08 | Create | Knight |
| 9:22 | Build | Farm |
| 10:16 | Build | Town Center |
| 10:30 | Create | Villager (Male) |
| 10:36 | Create | Cavalry Archer |
| 10:36 | Create | Cavalry Archer |
| 10:43 | Research | Husbandry |
| 11:05 | Create | Villager (Male) |
| 12:06 | Build | Monastery |
| 12:17 | Create | Villager (Male) |
| 12:17 | Create | Villager (Male) |
| 12:18 | Create | Villager (Male) |
| 12:23 | Create | Villager (Male) |
| 12:28 | Build | Farm |
| 12:31 | Create | Fishing Ship |
| 12:31 | Create | Fishing Ship |
| 12:32 | Create | Fishing Ship |
| 12:32 | Create | Fishing Ship |
| 12:32 | Create | Fishing Ship |
| 12:33 | Create | Fishing Ship |
| 12:54 | Build | Stable |
| 12:55 | Build | Stable |
| 12:59 | Create | Scorpion |
| 13:03 | Create | Scorpion |
| 13:04 | Create | Scorpion |
| 13:17 | Build | Farm |
| 14:08 | Create | Knight |
| 14:08 | Create | Knight |
| 14:25 | Build | Mining Camp |
| 14:35 | Build | Farm |
| 15:33 | Create | Villager (Male) |
| 15:33 | Create | Villager (Male) |
| 15:34 | Create | Villager (Male) |
| 15:34 | Create | Villager (Male) |
| 15:34 | Create | Villager (Male) |
| 15:35 | Create | Villager (Male) |
| 15:45 | Build | Mining Camp |
| 16:04 | Build | Town Center |
| 16:14 | Create | Battering Ram |
| 16:27 | Create | Villager (Male) |
| 16:28 | Create | Villager (Male) |
| 16:45 | Build | Stable |
| 16:45 | Build | Stable |
| 16:46 | Build | Stable |
| 16:52 | Build | Farm |
| 16:53 | Build | Farm |
| 16:54 | Build | Farm |
| 16:55 | Build | Farm |
| 16:56 | Build | Farm |
| 17:00 | Create | Villager (Male) |
| 17:01 | Create | Villager (Male) |
| 17:15 | Create | Villager (Male) |
| 17:28 | Create | Fishing Ship |
| 17:29 | Create | Fishing Ship |
| 17:29 | Create | Fishing Ship |
| 17:44 | Create | Knight ×4 |
| 18:00 | Build | Mining Camp |
| 18:01 | Create | Villager (Male) |
| 18:02 | Create | Villager (Male) |
| 18:02 | Create | Villager (Male) |
| 18:03 | Create | Villager (Male) |
| 18:45 | Create | Fishing Ship |
| 18:46 | Create | Fishing Ship |
| 18:47 | Create | Villager (Male) |
| 18:48 | Create | Villager (Male) |
| 18:56 | Build | House |
| 19:10 | Build | House |
| 19:11 | Build | House |
| 19:11 | Build | House |
| 19:12 | Build | House |
| 19:12 | Build | House |
| 19:15 | Create | Villager (Male) |
| 19:15 | Create | Villager (Male) |
| 19:23 | Build | Mining Camp |
| 19:24 | Create | Villager (Male) |
| 19:30 | Build | House |
| 19:31 | Build | House |
| 19:39 | Create | Villager (Male) |
| 19:39 | Create | Villager (Male) |
| 19:40 | Create | Villager (Male) |
| 20:29 | Build | Lumber Camp |
| 20:52 | Research | Double-Bit Axe |
| 20:59 | Create | Villager (Male) |
| 20:59 | Create | Villager (Male) |
| 20:59 | Create | Villager (Male) |
Build order — Urban
First 150 of 319 actions detected
| 0:07 | Create | Villager (Male) |
| 0:07 | Create | Villager (Male) |
| 0:07 | Create | Villager (Male) |
| 0:08 | Create | Villager (Male) |
| 0:19 | Build | House |
| 0:20 | Build | House |
| 0:21 | Build | House |
| 0:38 | Build | Archery Range |
| 1:16 | Create | Spearman |
| 1:16 | Create | Spearman |
| 1:21 | Create | Skirmisher |
| 1:21 | Create | Skirmisher |
| 1:21 | Create | Skirmisher |
| 1:31 | Research | Horse Collar |
| 1:34 | Create | Villager (Male) |
| 1:39 | Research | Double-Bit Axe |
| 2:18 | Build | Archery Range |
| 2:23 | Create | Skirmisher |
| 2:23 | Create | Skirmisher |
| 2:23 | Create | Skirmisher |
| 2:29 | Create | Spearman |
| 2:40 | Create | Villager (Male) |
| 2:40 | Create | Villager (Male) |
| 2:50 | Create | Skirmisher |
| 2:51 | Create | Skirmisher |
| 2:52 | Create | Skirmisher |
| 2:52 | Create | Skirmisher |
| 3:08 | Build | Mining Camp |
| 3:14 | Create | Villager (Male) |
| 3:14 | Create | Villager (Male) |
| 3:21 | Create | Archer |
| 3:22 | Create | Archer |
| 3:42 | Create | Archer |
| 3:42 | Create | Archer |
| 3:45 | Create | Spearman |
| 3:46 | Create | Spearman |
| 4:01 | Build | House |
| 4:01 | Build | House |
| 4:02 | Build | House |
| 4:12 | Create | Villager (Male) |
| 4:17 | Create | Spearman |
| 4:20 | Create | Skirmisher |
| 4:20 | Create | Skirmisher |
| 4:21 | Create | Skirmisher |
| 4:36 | Create | Villager (Male) |
| 5:29 | Build | Farm |
| 5:29 | Build | Farm |
| 5:30 | Build | Farm |
| 5:30 | Build | Farm |
| 5:30 | Build | Farm |
| 5:39 | Create | Villager (Male) |
| 5:39 | Create | Villager (Male) |
| 5:40 | Create | Villager (Male) |
| 5:40 | Create | Villager (Male) |
| 5:40 | Create | Villager (Male) |
| 6:05 | Create | Villager (Male) |
| 6:05 | Create | Villager (Male) |
| 7:13 | Build | Watch Tower |
| 7:31 | Create | Villager (Male) |
| 7:32 | Create | Villager (Male) |
| 7:32 | Create | Villager (Male) |
| 7:39 | Build | Farm |
| 7:40 | Build | Farm |
| 7:40 | Build | Farm |
| 7:40 | Build | Farm |
| 7:40 | Build | Farm |
| 7:41 | Build | Farm |
| 7:41 | Build | Farm |
| 7:41 | Build | Farm |
| 7:41 | Build | Farm |
| 7:59 | Build | Watch Tower |
| 8:39 | Create | Archer |
| 8:39 | Create | Archer |
| 8:40 | Create | Archer |
| 8:41 | Create | Archer |
| 8:42 | Create | Archer |
| 8:56 | Build | Farm |
| 8:56 | Build | Farm |
| 8:57 | Build | Farm |
| 8:57 | Build | Farm |
| 8:57 | Build | Farm |
| 8:57 | Build | Farm |
| 8:58 | Build | Farm |
| 8:58 | Build | Farm |
| 8:58 | Build | Farm |
| 9:06 | Build | House |
| 9:06 | Build | House |
| 9:07 | Build | House |
| 9:07 | Build | House |
| 9:08 | Build | House |
| 9:08 | Build | House |
| 9:08 | Build | House |
| 9:32 | Build | Watch Tower |
| 9:46 | Create | Spearman |
| 9:46 | Create | Spearman |
| 9:47 | Create | Spearman |
| 9:47 | Create | Spearman |
| 9:48 | Create | Spearman |
| 10:28 | Research | Castle Age |
| 10:50 | Build | Mining Camp |
| 10:57 | Create | Spearman |
| 11:18 | Research | Fletching |
| 11:19 | Research | Forging |
| 11:23 | Create | Spearman |
| 11:27 | Create | Archer |
| 11:27 | Create | Archer |
| 11:27 | Create | Archer |
| 12:31 | Build | Mining Camp |
| 13:07 | Age | Castle Age |
| 13:21 | Research | Pikeman (upgrade) |
| 13:23 | Research | Squires |
| 14:43 | Build | Castle |
| 15:28 | Build | Town Center |
| 15:46 | Build | Siege Workshop |
| 16:02 | Create | Mangonel |
| 16:11 | Create | Spearman |
| 16:12 | Create | Spearman |
| 16:12 | Create | Spearman |
| 16:12 | Create | Spearman |
| 16:12 | Create | Spearman |
| 16:13 | Create | Spearman |
| 16:13 | Create | Spearman |
| 16:13 | Create | Spearman |
| 16:14 | Create | Spearman |
| 16:14 | Create | Spearman |
| 16:45 | Create | Villager (Male) |
| 16:45 | Create | Villager (Male) |
| 16:45 | Create | Villager (Male) |
| 16:45 | Create | Villager (Male) |
| 16:46 | Create | Villager (Male) |
| 16:46 | Create | Villager (Male) |
| 16:46 | Create | Villager (Male) |
| 16:46 | Create | Villager (Male) |
| 17:55 | Build | Town Center |
| 17:58 | Create | Villager (Male) |
| 17:59 | Create | Villager (Male) |
| 17:59 | Create | Villager (Male) |
| 17:59 | Create | Villager (Male) |
| 17:59 | Create | Villager (Male) |
| 18:00 | Create | Villager (Male) |
| 18:00 | Create | Villager (Male) |
| 18:00 | Create | Villager (Male) |
| 18:12 | Create | Mangonel |
| 18:17 | Create | Villager (Male) |
| 18:17 | Create | Villager (Male) |
| 18:17 | Create | Villager (Male) |
| 18:17 | Create | Villager (Male) |
| 18:18 | Create | Villager (Male) |
| 18:18 | Create | Villager (Male) |
| 18:18 | Create | Villager (Male) |
Match timeline
| 0:29 | BOT · first_building Stable |
| 0:38 | Urban · first_building Archery Range |
| 1:33 | BOT · wall_segment Palisade Wall x17 |
| 1:51 | BOT · first_building Dock |
| 3:25 | BOT · wall_segment Palisade Wall x9 |
| 4:33 | BOT · wall_segment Palisade Wall x6 |
| 5:33 | BOT · first_building Archery Range |
| 5:45 | BOT · first_market_buy 100 food |
| 5:55 | BOT · first_market_sell 100 food |
| 6:31 | BOT · first_building Barracks |
| 8:15 | BOT · wall_segment Palisade Wall x9 |
| 8:44 | BOT · age_up castle |
| 9:00 | BOT · first_building Siege Workshop |
| 12:06 | BOT · first_building Monastery |
| 13:07 | Urban · age_up castle |
| 14:43 | Urban · first_building Castle |
| 15:46 | Urban · first_building Siege Workshop |
| 22:29 | BOT · first_building Castle |
| 28:35 | Urban · first_building Barracks |
| 29:30 | Urban · age_up imperial |
| 38:01 | BOT · age_up imperial |
| 40:44 | BOT · resign |
[ AI ANALYSIS · 1 CREDIT ]
What really happened in this match?
Wolo.gg analyzes every decision: build order, eco, micro, common mistakes by bracket. Personalized analysis on WhatsApp or Discord in 30 seconds.
Civ guide
Magyars
Map guide
Loch Ness
Perfil
Jugador #6508786